Description

Gate Expand, Oracle Opening

Build Order

Get SALT Encoding   

  12  0:00  Probe (Chrono Boost)  
  13  0:11  Probe (Chrono Boost)  
  14  0:18  Pylon  
  14  0:22  Probe (Chrono Boost)  
  15  0:36  Probe (Chrono Boost)  
  15  0:42  Gateway  
  16  0:46  Probe (Chrono Boost)  
  16  0:48  Assimilator  
  17  0:57  Probe (Chrono Boost)  
  18  1:08  Probe (Chrono Boost)  
  20  1:18  Probe (Chrono Boost)  
  20  1:27  Nexus  
  20  1:36  Cybernetics Core  
  20  1:39  Probe (Chrono Boost)  
  21  1:44  Assimilator  
  21  1:49  Probe (Chrono Boost)  
  22  1:54  Pylon  
  22  2:00  Probe (Chrono Boost)  
  23  2:09  Adept  
  23  2:12  Warp Gate  
  23  2:14  Probe (Chrono Boost)  
  26  2:26  Probe (Chrono Boost)  
  27  2:30  Stargate  
  27  2:33  Adept  
  30  2:38  Probe (Chrono Boost)  
  30  2:39  Probe (Chrono Boost)  
  31  2:50  Probe x2 (Chrono Boost)  
  33  3:00  Probe (Chrono Boost)  
  33  3:01  Probe (Chrono Boost)  
  33  3:03  Pylon  
  35  3:08  Oracle  
  35  3:11  Probe (Chrono Boost)  
  37  3:12  Probe (Chrono Boost)  
  37  3:18  Gateway  
  40  3:21  Probe (Chrono Boost)  
  40  3:25  Probe (Chrono Boost)  
  40  3:26  Gateway  
  42  3:29  Adept  
  42  3:33  Probe (Chrono Boost)  
  45  3:37  Probe (Chrono Boost)  
  45  3:38  Assimilator  
  45  3:40  Void Ray  
  46  3:48  Probe (Chrono Boost)  
  51  3:51  Probe (Chrono Boost)  
  51  3:55  Pylon  
  52  3:58  Probe (Chrono Boost)  
  54  4:03  Probe (Chrono Boost)  
  54  4:14  Mothership Core (Chrono Boost)  
  56  4:20  Twilight Council  
  56  4:30  Robotics Facility  
  55  4:32  Probe (Chrono Boost)  
  55  4:33  Probe (Chrono Boost)  
  55  4:37  Pylon  
  57  4:44  Resonating Glaives  
  57  4:51  Probe (Chrono Boost)  
  57  4:52  Pylon, Probe (Chrono Boost)  
  58  4:58  Nexus  
  58  5:00  Pylon  
  58  5:06  Gateway  
  58  5:09  Gateway  
  58  5:11  Gateway  
  58  5:12  Warp Prism  
  58  5:13  Gateway  
  60  5:24  Adept x2  
  60  5:26  Adept  
  66  5:34  Probe x2 (Chrono Boost)  
  68  5:45  Adept x2  
  68  5:46  Adept, Probe x2 (Chrono Boost)  
  76  5:50  Pylon  
  76  5:53  Pylon  
  77  5:58  Probe (Chrono Boost)  
  77  5:59  Probe (Chrono Boost)  
  78  6:09  Adept x4  
  78  6:10  Adept  
  88  6:16  Observer  
  88  6:18  Probe (Chrono Boost)  
  91  6:19  Probe x2 (Chrono Boost)  
  92  6:28  Adept x2  
  96  6:33  Adept x4  
  96  6:38  Adept  
  97  6:53  Adept x5  
  97  6:54  Adept  
  105  6:56  Immortal  
  105  6:58  Probe (Chrono Boost)  
  105  6:59  Probe x2 (Chrono Boost)  
  109  7:08  Probe (Chrono Boost)  
  109  7:11  Probe x2 (Chrono Boost)  
  109  7:12  Adept  
  111  7:19  Probe (Chrono Boost)  
  112  7:23  Probe x2 (Chrono Boost)  
  112  7:26  Forge  
  112  7:27  Pylon  
  106  7:30  Pylon  
  106  7:31  Immortal  
  98  7:41  Assimilator  
  98  7:42  Assimilator  
  96  7:49  Protoss Ground Weapons Level 1  
  94  7:52  Blink  
  94  7:54  Sentry x3  
  94  7:57  Stalker x4, Assimilator  
  106  8:10  Pylon  
  106  8:12  Pylon  
  106  8:20  Stalker x4  
  106  8:21  Stalker  
  106  8:23  Warp Prism  
  116  8:29  Adept x2  
  122  8:35  Gateway  
  122  8:36  Gateway  
  122  8:39  Pylon, Gateway  
  122  8:41  Photon Cannon  
  122  8:42  Pylon  
  122  8:45  Sentry  
  122  8:46  Stalker x2  
  128  8:57  Adept x4  
  136  9:10  Pylon  
  136  9:15  Pylon  
  136  9:22  Stalker  
  136  9:23  Stalker x6  
  150  9:45  Stalker x3  
  156  9:52  Stalker x3  
  152  9:53  Stalker x4  
  141  10:11  Stalker x3  
  141  10:15  Adept  
  141  10:16  Adept x4  
  141  10:21  Protoss Ground Weapons Level 2  
  151  10:28  Nexus  
  151  10:30  Pylon  
  141  10:40  Templar Archives  
  139  10:45  Immortal  
  139  10:46  Charge  
  143  11:04  Pylon  
  143  11:06  Photon Cannon  
  143  11:07  Psionic Storm  
  143  11:08  Photon Cannon  
  143  11:18  Probe x3 (Chrono Boost), Assimilator, High Templar  
  148  11:20  Assimilator  
  148  11:27  Zealot x4  
  156  11:37  High Templar x2  
  156  11:38  Zealot x2  
  164  11:44  Observer  
  165  11:57  Probe (Chrono Boost)  
  165  11:58  Probe x2 (Chrono Boost), High Templar  
  165  11:59  Probe (Chrono Boost)  
  171  12:04  Zealot x7  
  185  12:09  Pylon  
  185  12:11  Photon Cannon x2  
  175  12:26  High Templar x3  
  175  12:27  Zealot x3, High Templar  
  175  12:28  Zealot  
  187  12:32  Archon, Photon Cannon  
  187  12:33  Archon  
  187  12:35  Photon Cannon  
  187  12:38  High Templar x2  
  187  12:43  Archon  
  191  12:50  Photon Cannon  
  191  12:56  High Templar  
  191  12:57  High Templar  
  185  12:58  Stalker x2  
  185  12:59  Stalker x2  
  185  13:01  Photon Cannon  
  185  13:03  Photon Cannon  
  185  13:04  Archon  
  193  13:17  High Templar x2  
  193  13:18  Stalker  
  199  13:23  Archon  
  198  13:33  Probe (Chrono Boost)  
  186  13:34  Probe x2 (Chrono Boost)  
  186  13:35  Probe (Chrono Boost)  
  186  13:39  High Templar  
  186  13:40  High Templar  
  189  13:43  Archon  
  189  13:44  Probe (Chrono Boost), High Templar x2  
  189  13:45  Zealot  
  189  13:46  Probe x2 (Chrono Boost)  
  189  13:47  Probe (Chrono Boost)  
  199  13:51  Archon  
  199  13:54  Probe (Chrono Boost)  
  188  14:13  Stalker x6  
  196  14:38  Archon x2  
  182  14:45  High Templar x3  
  140  14:47  Zealot x3, High Templar  
  140  14:48  Zealot x3  
  150  14:56  Archon  
  128  15:08  Gateway  
  128  15:09  Gateway  
Spawning Tool Build Advisor. Get it on Overwolf

Analysis

Gate Expand, Oracle Opening

Go to:

Details

  • Created by: DarkHeartz
  • Published on: Nov 21, 2016
  • Modified on: Nov 21, 2016
  • Patch: Pre-3.8.0
Show
View Real Time Build Order
Export as new Build Order

Comments (0)

There are no comments. Be the first!

Create an account to comment!